 Dungeon Crawl Stone Soup version 0.28-a0-1638-g9123634e07 (webtiles) character file.

Game seed: 17442182696864592496

44 cheechan the Charlatan (level 3, -3/15 HPs)
             Began as a Felid Artificer on Jan 25, 2022.
             Slain by an adder (4 damage)
             ... on level 2 of the Dungeon.
             The game lasted 00:05:33 (1353 turns).

cheechan the Charlatan (Felid Artificer)            Turns: 1353, Time: 00:05:34

Health: -3/15      AC:  5    Str: 10    XL:     3   Next: 39%
Magic:  4/4        EV: 18    Int: 12    God:
Gold:   55         SH:  0    Dex: 16    Spells: 3/3 levels left
                                        Lives:  0   Deaths: 0

rFire   . . .      SeeInvis +   (weapon unavailable)
rCold   . . .      Faith    .   (shield unavailable)
rNeg    . . .      Spirit   .   (armour unavailable)
rPois   .          Reflect  .   (helmet unavailable)
rElec   .          Harm     .   (cloak unavailable)
rCorr   .          Rampage  .   (gloves unavailable)
Will    .....                   (boots unavailable)
Stlth   ++........              (no amulet)
HPRegen 0.05/turn               d - ring of wizardry
MPRegen 0.09/turn               g - +4 ring of protection

@: quick
A: very small, claws 1, fangs 3, see invisible, speed 1, shaggy fur 1, stealthy
paws, no weapons or thrown items, no armour, multi-lived
a: no special abilities


You were on level 2 of the Dungeon.
You visited 1 branch of the dungeon, and saw 2 of its levels.

You collected 55 gold pieces.

Inventory:

Missiles
 f - 58 stones
Jewellery
 d - a ring of wizardry (left paw)
 g - a +4 ring of protection (right paw)
 i - a ring of protection from fire
Wands
 b - a wand of charming (15)
Potions
 a - 4 potions of heal wounds {unknown}
 e - 4 potions of curing {unknown}
 h - 2 potions of mutation {unknown}
 j - a potion of brilliance {unknown}
 k - a potion of cancellation {unknown}
 l - a potion of flight {unknown}
Miscellaneous
 c - a piece from Xom's chessboard (12/15) (quivered)


   Skills:
 + Level 1.0 Fighting
 + Level 3.3 Dodging
 + Level 1.5 Stealth
 * Level 0.6 Spellcasting
 + Level 4.6 Evocations


You had 3 spell levels left.
You didn't know any spells.
Your spell library was empty.

Dungeon Overview and Level Annotations

Branches:
Dungeon (2/15)

Altars:


Innate Abilities, Weirdness & Mutations

You have sharp claws.
You have razor-sharp teeth.
You have supernaturally acute eyesight. (SInv)
You cover ground quickly. (Speed+)
You are covered in fur. (AC +1)
Your paws help you pounce on unaware monsters.
You are incapable of wielding weapons or throwing items.
You cannot wear armour.
You gain extra lives every three experience levels.


Message History

The adder closely misses you.
You scratch the adder.
The adder is lightly wounded.
The adder bites you.
You are poisoned.
The adder poisons you!
You scratch the adder but do no damage.
The adder is lightly wounded.
You feel sick. The adder barely misses you.
You scratch the adder but do no damage.
The adder is lightly wounded.
You feel sick. The adder closely misses you. The adder bites you.
You closely miss the adder. You bite the adder.
The adder is moderately wounded.
You feel sick. The adder bites you.
* * * LOW HITPOINT WARNING * * *
You closely miss the adder.
The adder is moderately wounded.
* * * LOW HITPOINT WARNING * * *
You feel sick. The adder misses you.
Okay, then.
You don't know any spells.
Sorry, you're not good enough to have a special ability.
Non-targeted evoke: piece from Xom's chessboard (13/15)
Press: ? - help, Q - select action, (/) - cycle Dir - look around, f - activate You make a move on Xom's chessboard...
The adder falls asleep!
* * * LOW HITPOINT WARNING * * *
You feel sick.
Unknown command.
The helpless adder fails to defend itself.
You scratch the adder.
The adder is severely wounded.
* * * LOW HITPOINT WARNING * * *
You feel sick.
You are no longer poisoned.
The adder bites you but does no damage. The adder barely misses you.
You closely miss the adder.
The adder is severely wounded.
The adder bites you.
You die...

....##....##..................###
..........##.#########......#.#
##.###.#####.# ###........
#..###.# ######## #........###
.......###.......#####.#.####.#
.........# ..<........#.# ...
.........# ............ ####
.........#######.###......
..........##....@S....#
..........##.###..........
..........##.# #.###..###.
..........##.##### ..#
#+##########...#####.... ###
#.............#.# #....l#
#............ .... .# #.#
#.....####.#. #.#. #####.#
#.....# .


You could see an adder.

Vanquished Creatures
  An adder (D:2)
  A worm (D:2)
  A dart slug (D:1)
  A ball python (D:1)
  A bat (D:2)
  4 endoplasms (D:1)
  A goblin (D:1)
  A hobgoblin (D:2)
  5 jackals (D:2)
  7 kobolds
  A quokka (D:1)
  2 frilled lizards
26 creatures vanquished.

Notes
Turn   | Place    | Note
-------+----------+-------------------------------------------
     0 | D:1      | cheechan the Felid Artificer began the quest for the Orb.
     0 | D:1      | Reached XP level 1. HP: 9/9 MP: 2/2
    64 | D:1      | You fall into a shaft and drop 1 floor!
   112 | D:2      | Reached skill level 4 in Evocations
   112 | D:2      | Reached XP level 2. HP: 3/12 MP: 3/3
   531 | D:1      | Reached XP level 3. HP: 14/15 MP: 4/4
  1353 | D:2      | Slain by an adder

Illustrated notes

Levels and vault maps discovered:
D:1:      dpeg_arrival_circle_labyrinth_a, layout_basic, minmay_misc_feat_roman
D:2:      layout_basic, dreamdust_ecumenical_altar_statues, minmay_tetromino_s2

Skill      XL: |  1 |
---------------+----+-----
Evocations     | 4 |  4.6
Fighting       | |  1.0
Dodging        | |  3.3
Stealth        | |  1.5
Spellcasting   | |  0.6

Action                   || total
-------------------------++-------
Melee: Unarmed           ||    85
       Bite              ||     9
Evoke: Wand              ||    15
       Piece from Xom's  ||     4
  Use: Scroll            ||     8
 Stab: Sleeping          ||     2
Armor: Skin              ||    13
Dodge: Dodged            ||    66

Table legend: (Time is in decaauts)
 A = Elapsed time spent in this place.
 B = Non-inter-level travel time spent in this place.
 C = Inter-level travel time spent in this place.
 D = Time resting spent in this place.
 E = Time spent auto-exploring this place.
 F = Levels seen in this place.
 G = Mean time per level.
                   A        B        C        D        E       F      G
               +--------+--------+--------+--------+--------+-----+--------+
         Total |   1113 |   1113 |      0 |      0 |      0 |   2 |  556.5 |
       Dungeon |   1113 |   1113 |      0 |      0 |      0 |   2 |  556.5 |
               +--------+--------+--------+--------+--------+-----+--------+

Top non-repeatable levels by time:
     D:1: 668 daAuts
     D:2: 445 daAuts
